 Dungeon Crawl Stone Soup version 0.30.0-5-g1a98f26d00 (webtiles) character file.

Game seed: 3748268124839953071

2 Esekla the Covered (level 1, 15/15 HPs)
             Began as a Barachi Wanderer on May 8, 2023.
             Got out of the dungeon alive.
             The game lasted 00:00:33 (48 turns).

Esekla the Covered (Barachi Wanderer)                 Turns: 48, Time: 00:00:33

Health: 15/15      AC: 10    Str: 12    XL:     1   Next: 30%
Magic:  3/3        EV:  6    Int: 11    God:
Gold:   14         SH:  4    Dex: 13    Spells: 4/4 levels left

rFire   . . .        a - +0 hand axe
rCold   . . .        c - +0 buckler
rNeg    . . .        b - +0 chain mail
rPois   .            (no helmet)
rElec   .            (no cloak)
rCorr   .            (no gloves)
SInv    .            (no boots)
Will    .....        (no amulet) Stlth
                     (no ring)
HPRegen 0.22/turn    (no ring)
MPRegen 0.08/turn

%: no passive effects
@: slow
A: amphibious, slowness 1, strong legs 1, +LOS
a: Hop


You escaped.
You visited 1 branch of the dungeon, and saw 1 of its levels.

You collected 14 gold pieces.

Inventory:

Hand Weapons
 a - a +0 hand axe (weapon)
Armour
 b - a +0 chain mail (worn)
 c - a +0 buckler (worn)
 e - a +1 helmet
Scrolls
 d - a scroll of teleportation
 f - a scroll of immolation {unknown}


   Skills:
 + Level 1.2 Fighting
 + Level 1.1 Axes
 + Level 6.1 Armour
 + Level 1.1 Shields
 + Level 2.1 Spellcasting


You had 4 spell levels left.
You didn't know any spells.
Your spell library was empty.

Dungeon Overview and Level Annotations

Branches:
Dungeon (1/15)

Altars:


Innate Abilities, Weirdness & Mutations

You are amphibious.
You cover ground slowly.
You can hop short distances.
You have an extended range of vision and can be seen from far away.


Message History

Found a staircase leading out of the dungeon.
You begin with the following items: a +0 hand axe, a +0 chain mail, a +0 buckler, a scroll of teleportation.
You enter the shallow water.
A ball python comes into view.
Found a scroll labelled CATUER WEZA.
You see here a +1 helmet.
e - a +1 helmet The ball python closely misses you.
You block the ball python's attack.
Okay, then.
You hit the ball python.
You kill the ball python!
You now have 14 gold pieces.
You enter the shallow water.
You enter the shallow water.
A ball python comes into view.
The ball python hisses angrily.
You enter the shallow water.
The ball python bites you but does no damage.
The ball python barely misses you.
You completely miss the ball python.
The ball python bites you but does no damage.
The ball python grabs you. The ball python constricts you.
The ball python bites you but does no damage.
The ball python constricts you.
You barely miss the ball python.
The ball python bites you but does no damage.
The ball python constricts you.
You hit the ball python.
You kill the ball python!
You see here a ball python corpse.
A rat comes into view.
You see here a scroll labelled CATUER WEZA.
f - a scroll labelled CATUER WEZA You hit the rat.
You kill the rat!
You enter the shallow water.
You enter the shallow water.
There is a staircase leading out of the dungeon here.
Are you sure you want to leave the Dungeon?
This will make you lose the game!
You have escaped!

###############
#≈≈≈≈~.[.~≈≈≈≈#
#≈≈≈~.....≈~≈≈#
#.#≈≈~.......~≈≈#
#.#≈~.........~≈######
..~~....~~~....~~.....
#.~....~...~....~.###
#......~.@.~..†...#.#.#
#.~....~...~....~.....#
#.~~....~~~....~†.########
#.#≈≈.........~~#.........
#≈≈≈.......≈~≈#...######
#≈≈~~.....~≈≈≈#.......##
#≈≈~≈~...~≈≈≈≈#.........
##############........#.
#.########


There were no monsters in sight!

Vanquished Creatures
  2 ball pythons (D:1)
  A rat (D:1)
3 creatures vanquished.

Notes
Turn   | Place    | Note
-------+----------+-------------------------------------------
     0 | D:1      | Esekla the Barachi Wanderer began the quest for the Orb.
     0 | D:1      | Esekla set off with the following items: a +0 hand axe, a
                  | +0 chain mail, a +0 buckler, a scroll of teleportation.
     0 | D:1      | Reached XP level 1. HP: 15/15 MP: 3/3
    48 | D:$      | Got out of the dungeon alive.

Illustrated notes

Levels and vault maps discovered:
D:1:      enne_arrival_octagon_isle, layout_basic

Action                     || total
---------------------------++-------
  Melee: Hand axe          ||     5
 Armour: Chain mail        ||     4
  Dodge: Dodged            ||     2
  Block: Buckler           ||     1
